 Dungeon Crawl Stone Soup version 0.31.0-32-g396128a36d (webtiles) character file.

Game seed: 4015213064031923888

41870 Zeor the Covert (level 14, -15/71 (77) HPs)
             Began as a Vine Stalker Enchanter on Apr 23, 2024.
             Was the Champion of Wu Jian.
             Killed from afar by an orc sorcerer (22 damage)
             ... with a bolt of negative energy
             ... while paralysed by an orc sorcerer
             ... on level 2 of the Orcish Mines.
             The game lasted 01:12:26 (14625 turns).

Zeor the Covert (Vine Stalker Enchanter)           Turns: 14625, Time: 01:12:26

HP:   -15/71 (77)   AC: 18    Str: 11    XL:     14   Next: 17%
MP:   0/31          EV:  2    Int: 19    God:    Wu Jian [******]
Gold: 418           SH:  0    Dex: 16    Spells: 19/37 levels left

rFire   . . .        a - +8 arc blade {discharge, rElec}
rCold   . . .        K - orb {guile}
rNeg    . . .        O - +4 ring mail {rPois}
rPois   +            y - +2 helmet
rElec   +            (no cloak)
rCorr   .            o - +1 pair of gloves
SInv    +            L - +2 pair of boots {Stlth+}
Will    .....        (no amulet)
Stlth   ++++++       t - +4 ring of slaying
HPRegen 1.11/turn    E - ring of see invisible
MPRegen 0.22/turn

%: guardian spirit
@: paralysed, weak-willed, studying Fighting, drained
A: fangs 3, regeneration 1, magic shield, antimagic bite, no potion heal 2
a: Renounce Religion, Wall Jump, Serpent's Lash, Heavenly Storm


You were on level 2 of the Orcish Mines.
You worshipped Wu Jian.
Wu Jian was exalted by your worship.
You visited 4 branches of the dungeon, and saw 17 of its levels.
You also visited: Ossuary and Bailey.

You collected 1867 gold pieces.
You spent 1449 gold pieces at shops.

Inventory:

Hand Weapons
 a - the +8 arc blade (weapon) {discharge, rElec}
   (You bought it in a shop on level 2 of the Orcish Mines)

   rElec:     It insulates you from electricity.
 b - a +1 hand cannon of electrocution
 Q - a +0 demon blade of flaming
 T - the +4 dagger of Bigaymado {flame, rPois Will++}
   (You found it in a bailey)

   rPois:     It protects you from poison Will++: It greatly increases your
   willpower.
Missiles
 h - 3 atropa-tipped darts (quivered)
 n - 2 darts of dispersal
 w - 7 poisoned darts
Armour
 o - a +1 pair of gloves (worn)
 y - a +2 helmet (worn)
 J - +0 acid dragon scales
 K - an orb of guile (worn)
 L - a +2 pair of boots of stealth (worn)
 O - a +4 ring mail of poison resistance (worn)
 V - an orb of mayhem
Magical Staves
 u - a staff of conjuration
Jewellery
 t - a +4 ring of slaying (left hand)
 E - a ring of see invisible (right hand)
 M - a +5 ring of evasion
Wands
 m - a wand of iceblast (14)
 z - a wand of mindburst (9)
 A - a wand of polymorph (10)
 F - a wand of light (23)
Scrolls
 d - 4 scrolls of fear
 p - 11 scrolls of teleportation
 B - a scroll of revelation
 C - 6 scrolls of enchant weapon
 G - a scroll of amnesia
 H - a scroll of vulnerability
 P - a scroll of blinking
 S - 2 scrolls of enchant armour
 W - a scroll of identify
Potions
 c - 8 potions of invisibility
 f - 4 potions of magic
 g - 3 potions of enlightenment
 i - 2 potions of resistance
 j - 3 potions of curing
 k - 5 potions of lignification
 l - 3 potions of might
 q - 3 potions of brilliance
 r - a potion of berserk rage
 s - 5 potions of haste
 v - a potion of cancellation {unknown}
 x - a potion of degeneration {unknown}
 D - a potion of attraction {unknown}
 R - a potion of mutation {unknown}
 U - a potion of ambrosia {unknown}


   Skills:
 * Level 10.4 Fighting
 + Level 5.3 Short Blades
 + Level 4.2 Armour
 + Level 3.5 Dodging
 + Level 14.8 Stealth
 + Level 12.0 Spellcasting
 + Level 1.2 Conjurations
 * Level 12.5 Hexes
 + Level 6.5 Ice Magic
 + Level 0.3 Evocations


You had 19 spell levels left.
You knew the following spells:

 Your Spells              Type           Power      Damage    Failure   Level
c - Confusing Touch       Hex            56%        N/A       1%          3
e - Metabolic Englaciati  Hex/Ice        23%        N/A       8%          5
f - Dazzling Flash        Conj/Hex       74%        N/A       2%          3
h - Ensorcelled Hibernat  Hex/Ice        94%        N/A       1%          2
j - Jinxbite              Hex            100%       N/A       1%          2
t - Tukima's Dance        Hex            56%        N/A       1%          3

Your spell library contained the following spells:

 Spells                   Type           Power      Damage    Failure   Level
 Ozocubu's Armour         Ice            36%        N/A       2%          3
 Magic Dart               Conj           64%        1d6       9%          1
 Kiss of Death            Conj/Necr      52%        2d9       11%         1
 Searing Ray              Conj           32%        2d5       12%         2
 Apportation              Tloc           22%        N/A       13%         1
 Summon Small Mammal      Summ           44%        N/A       13%         1
 Call Canine Familiar     Summ           11%        N/A       36%         3
 Fulminant Prism          Conj/Alch      6%         3d7       71%         4
 Dispel Undead            Necr           11%        3d9       78%         4
 Olgreb's Toxic Radiance  Alch           11%        N/A       78%         4
 Summon Blazeheart Golem  Fire/Summ      11%        N/A       78%         4
 Alistair's Intoxication  Alch           7%         N/A       98%         5
 Sculpt Simulacrum        Ice/Alch       11%        N/A       99%         6
 Discord                  Hex            28%        N/A       99%         8
 Ozocubu's Refrigeration  Ice            18%        4d11      100%        7


Dungeon Overview and Level Annotations

Branches:
Dungeon (9/15)             Temple (1/1) D:5            Lair (5/5) D:9
 Shoals (0/4) Lair:3        Snake (0/4) Lair:3        Slime (0/5) Lair:5
    Orc (2/2) D:9             Elf (0/3) Orc:2       Ossuary (visited)
 Bailey (visited)

Altars:
Ashenzari
Cheibriados
Dithmenos
Elyvilon
Fedhas
Gozag
Hepliaklqana
Kikubaaqudgha
Makhleb
Okawaru
Qazlal
Ru
Sif Muna
Trog
Uskayaw
Vehumet
Wu Jian
Zin
The Shining One

Shops:
D:7 [   Orc:2 =*[

Annotations:
D:7 1 runed translucent door, Crazy Yiuf
Lair:5 3 runed translucent doors, KittyFluff's ghost, journeyman TrSh


Innate Abilities, Weirdness & Mutations

You have razor-sharp teeth.
Your natural rate of healing is unusually fast.
When hurt, damage is shared between your health and your magic reserves.
Your bite disrupts and absorbs the magic of your enemies.
Potions cannot restore your health.


Message History

Aiming: Ensorcelled Hibernation (safe; 1% risk of failure)
Press: ? - help, Shift-Dir - straight line, f/p - orc sorcerer
Aim: an orc sorcerer, wearing a +0 robe (ally target, chance to affect: 83%)
The orc sorcerer looks drowsy...
The orc priest hits you with a +0 flail.
Your +0 dagger hits the orc sorcerer!
The orc sorcerer shouts!
The rust devil closely misses your +0 dagger.
Casting: Ensorcelled Hibernation (safe; 1% risk of failure)
Confirm with . or Enter, or press ? or * to list all spells.
Aiming: Ensorcelled Hibernation (safe; 1% risk of failure)
Press: ? - help, Shift-Dir - straight line, f - orc priest, p - orc sorcerer
Aim: an orc priest, wielding a +0 flail (chance to affect: 83%)
The orc priest looks drowsy...
The orc sorcerer casts a spell at you.
You suddenly lose the ability to move!
The sixfirhy hits you. The sixfirhy shocks you. You resist.
Your +0 dagger hits the orc sorcerer.
The rust devil hits your +0 dagger.
Your +0 dagger seems to be corroded for longer.
The smoke demon hits your +0 dagger. x2
Your +0 dagger falls from the air.
The sixfirhy hits you! The sixfirhy shocks you. You resist.
The sixfirhy hits you but does no damage.
The sixfirhy hits you! The sixfirhy shocks you. You resist.
The orc sorcerer hits you but does no damage.
The sixfirhy hits you but does no damage.
The orc priest shouts!
The sixfirhy hits you but does no damage.
The sixfirhy hits you. The sixfirhy shocks you. You resist.
The sixfirhy hits you. The sixfirhy shocks you. You resist.
The orc priest looks encouraged for a moment.
The orc sorcerer points at you and mumbles some strange words.
The bolt of negative energy hits you!!
You feel drained.
* * * LOW HITPOINT WARNING * * *
The orc priest calls down the wrath of Beogh upon you.
Pain shoots through your body!
* * * LOW HITPOINT WARNING * * *
The orc sorcerer gestures at you while chanting.
The bolt of negative energy hits you!!
You feel drained.
You die... ∙∙∙∙∙∙∙∙▒∙▒▒ ∙∙∙∙∙∙∙∙∙∙∙▒▒ ▒▒ ∙∙∙∙▒∙∙∙∙∙▒∙▒▒▒▒∙▒▒ ∙∙∙∙∙∙∙∙∙∙∙∙∙∙∙∙∙∙▒ ∙∙∙∙∙∙∙∙∙∙∙∙∙∙∙∙∙∙

∙∙∙∙∙∙34∙∙∙∙∙∙∙▒
∙∙∙∙∙∙o3∙∙∙∙∙▒▒▒
∙∙∙∙∙∙of)∙)∙∙∙∙▒▒
∙∙∙∙∙∙∙∙∙∙)∙∙∙∙∙▒▒▒▒
∙∙∙∙∙∙∙∙∙∙∙∙∙∙∙∙∙▒∙▒▒
∙∙∙∙∙∙∙∙∙∙∙∙∙∙∙∙∙∙∙∙▒
∙∙∙∙∙∙∙∙∙∙∙∙∙∙∙∙∙∙∙▒▒▒
∙∙∙∙∙∙∙∙∙∙∙∙∙∙∙∙∙∙∙∙∙▒▒
∙∙∙∙∙∙∙∙∙∙∙∙∙∙∙∙∙∙∙∙∙∙▒
∙∙∙∙∙∙∙∙∙∙∙∙∙▒∙∙∙∙∙∙∙▒▒


∙∙∙∙∙∙∙∙ ∙∙∙∙∙∙∙∙∙∙∙∙∙∙∙∙∙▒▒ You could see a rust devil (summoned), a sixfirhy
(summoned), a smoke demon (summoned), an orc sorcerer and an orc priest.

Vanquished Creatures
  An orc warlord (Orc:2)
  2 hydras
  An ogre mage (Orc:2)
  A catoblepas (Lair:5)
  3 death yaks (Lair:5)
  A two-headed ogre (Orc:2)
  An orc high priest (Orc:2)
  Nergalle (Lair:2)
  2 skysharks
  A lindwurm (Lair:4)
  A deep elf pyromancer (Bailey)
  4 orc knights
  2 orc sorcerers (Orc:2)
  6 elephants (Lair:3)
  A cyclops (D:8)
  Maurice (D:9)
  4 black mambas
  A kobold blastminer (Orc:1)
  10 cane toads
  3 rime drakes
  7 komodo dragons
  4 merfolk (Lair:3)
  A polar bear (Lair:3)
  2 trolls
  A hornet (D:9)
  19 blink frogs
  4 wyverns
  Eustachio (D:6)
  30 yaks
  A warg (D:9)
  2 basilisks
  2 steam dragons (D:9)
  Edmund (D:6)
  An acid dragon (D:9)
  2 nagas (Lair:3)
  11 water moccasins
  Duvessa (D:5)
  25 orc warriors
  An ice beast (D:5)
  4 black bears
  A sky beast (D:8)
  8 ogres
  12 wolves
  A centaur (D:7)
  A phantom (D:5)
  6 bullfrogs
  A gnoll sergeant (D:7)
  3 scorpions
  4 wights (D:8)
  Dowan (D:5)
  4 killer bees (D:7)
  6 howler monkeys (D:8)
  2 bombardier beetles
  3 hounds (D:6)
  3 jellies
  A gnoll bouda (D:6)
  16 orc priests
  2 sleepcaps (D:5)
  Jessica (D:2)
  15 orc wizards
  8 mummies (Ossuary)
  6 gnolls
  8 adders
  5 white imps
  2 ufetubi (D:7)
  A dart slug (D:1)
  2 ribbon worms
  51 orcs
  8 bats
  6 endoplasms
  4 giant cockroaches
  15 goblins
  9 hobgoblins
  11 jackals (D:1)
  4 quokkas
  3 ball pythons
  4 frilled lizards
  A hobgoblin zombie (Ossuary)
  7 kobolds
  3 kobold zombies (Ossuary)
  4 orc zombies (Ossuary)
  3 rats
423 creatures vanquished.

Vanquished Creatures (collateral kills)
  Sigmund (D:2)
  7 orc warriors
  An ogre (Orc:2)
  A wight (D:8)
  An orc priest (D:9)
  Robin (D:3)
  A gnoll (D:7)
  4 orcs
17 creatures vanquished.

Vanquished Creatures (others)
  12 dancing weapons
  An orc (Orc:2)
13 creatures vanquished.

Grand Total: 453 creatures vanquished

Notes
Turn   | Place    | Note
-------+----------+-------------------------------------------
     0 | D:1      | Zeor the Vine Stalker Enchanter began the quest for the
                  | Orb.
     0 | D:1      | Reached XP level 1. HP: 9/9 MP: 4/4
    87 | D:1      | Reached XP level 2. HP: 13/13 MP: 0/6
   343 | D:1      | Reached skill level 4 in Stealth
   473 | D:1      | Reached XP level 3. HP: 16/16 MP: 7/7
   476 | D:1      | Learned a level 2 spell: Ensorcelled Hibernation
   480 | D:1      | Learned a level 3 spell: Tukima's Dance
   658 | D:1      | Found a faded altar of an unknown god.
  1494 | D:2      | Noticed Jessica
  1505 | D:2      | Killed Jessica
  1506 | D:2      | Reached skill level 1 in Short Blades
  1506 | D:2      | Reached XP level 4. HP: 21/21 MP: 3/9
  1738 | D:2      | Noticed Sigmund
  1742 | D:2      | Killed Sigmund
  1743 | D:2      | Reached skill level 1 in Ice Magic
  1743 | D:2      | Reached XP level 5. HP: 25/25 MP: 4/11
  1743 | D:2      | Reached XP level 6. HP: 29/29 MP: 4/12
  1805 | D:2      | Learned a level 3 spell: Confusing Touch
  2202 | D:3      | Reached skill level 5 in Stealth
  2577 | D:3      | Noticed Robin
  2584 | D:3      | Killed Robin
  2585 | D:3      | Reached skill level 1 in Armour
  2850 | D:3      | Found a radiant altar of Vehumet.
  2893 | D:3      | Found an ancient bone altar of Kikubaaqudgha.
  3295 | D:3      | Reached XP level 7. HP: 32/32 MP: 2/14
  3720 | D:4      | Reached skill level 5 in Hexes
  4186 | D:4      | Found a hide-covered altar of Uskayaw.
  4265 | D:5      | Entered Level 5 of the Dungeon
  4271 | D:5      | Reached skill level 1 in Fighting
  4271 | D:5      | Reached skill level 6 in Stealth
  4451 | D:5      | Found a staircase to the Ecumenical Temple.
  4460 | Temple   | Entered the Ecumenical Temple
  4469 | Temple   | Became a worshipper of the Wu Jian Council
  4488 | D:5      | Identified the +2 mace of Jofeq {flame, Str+5}
  4657 | D:5      | Noticed Duvessa
  4657 | D:5      | Noticed Dowan
  4664 | D:5      | Killed Duvessa
  4665 | D:5      | Gained mutation: You have razor-sharp teeth. [Vine Stalker
                  | growth]
  4665 | D:5      | Reached XP level 8. HP: 30/37 MP: 10/15
  4672 | D:5      | Killed Dowan
  4673 | D:5      | Reached skill level 7 in Stealth
  4773 | D:5      | Found an iron altar of Okawaru.
  4863 | D:5      | Found a hazy altar of Hepliaklqana.
  5008 | D:5      | Reached skill level 5 in Spellcasting
  5420 | D:6      | Found a sand-covered staircase.
  5443 | Ossuary  | Entered an ossuary
  5818 | Ossuary  | Learned a level 3 spell: Dazzling Flash
  5851 | D:6      | Found a burning altar of Makhleb.
  5870 | D:6      | Reached * piety under Wu Jian
  6038 | D:6      | Noticed Edmund
  6052 | D:6      | Killed Edmund
  6259 | D:6      | Noticed Eustachio
  6268 | D:6      | Killed Eustachio
  6269 | D:6      | Reached XP level 9. HP: 41/41 MP: 18/18
  6417 | D:6      | Reached skill level 8 in Stealth
  6634 | D:7      | Identified the +2 war axe of Capital Punishment {flame,
                  | Int+3}
  6773 | D:7      | Found a snail-covered altar of Cheibriados.
  7096 | D:7      | Found Yheog's Armour Shop.
  7112 | D:7      | Bought an orb of guile for 143 gold pieces
  7112 | D:7      | Bought a +1 pair of boots of stealth for 181 gold pieces
  7270 | D:7      | Found a runed translucent door.
  7271 | D:7      | Noticed Crazy Yiuf
  7322 | D:8      | Found a sacrificial altar of Ru.
  7333 | D:8      | Noticed a cyclops
  7345 | D:8      | Killed a cyclops
  7438 | D:8      | Found a flagged portal.
  7516 | Bailey   | Entered a bailey
  7598 | Bailey   | Reached ** piety under Wu Jian
  7619 | Bailey   | Noticed an orc knight
  7634 | Bailey   | Killed an orc knight
  7635 | Bailey   | Reached XP level 10. HP: 39/46 MP: 4/23
  7639 | Bailey   | Found a large runed translucent door.
  7639 | Bailey   | Found a large runed translucent door.
  7639 | Bailey   | Noticed a deep elf pyromancer
  7799 | Bailey   | Killed a deep elf pyromancer
  7820 | Bailey   | Identified the +4 dagger of Bigaymado {flame, rPois Will++}
  8499 | D:8      | Reached skill level 9 in Stealth
  8550 | D:9      | Noticed Maurice
  8564 | D:9      | Maurice stole the +2 war axe of Capital Punishment {flame,
                  | Int+3}
  8566 | D:9      | Killed Maurice
  8690 | D:9      | Found a staircase to the Lair.
  8702 | D:9      | Reached *** piety under Wu Jian
  8952 | D:9      | Reached XP level 11. HP: 53/53 MP: 25/25
  9046 | D:9      | Found a staircase to the Orcish Mines.
  9251 | D:9      | Found a blossoming altar of Fedhas.
  9317 | Lair:1   | Entered Level 1 of the Lair of Beasts
  9405 | Lair:1   | Reached skill level 10 in Stealth
  9408 | Lair:1   | Noticed a skyshark
  9416 | Lair:1   | Killed a skyshark
  9581 | Lair:1   | Reached skill level 5 in Fighting
  9978 | Lair:1   | You fall into a shaft and drop 1 floor!
  9991 | Lair:2   | Reached skill level 11 in Stealth
  9997 | Lair:2   | Reached skill level 10 in Hexes
 10307 | Lair:2   | Noticed an eight-headed hydra
 10324 | Lair:2   | Killed an eight-headed hydra
 10388 | Lair:2   | Noticed Nergalle
 10395 | Lair:2   | Killed Nergalle
 10396 | Lair:2   | Reached skill level 10 in Spellcasting
 10574 | Lair:2   | Reached XP level 12. HP: 45/62 MP: 20/27
 10746 | Lair:3   | Reached **** piety under Wu Jian
 10892 | Lair:3   | Reached skill level 12 in Stealth
 10919 | Lair:3   | Learned a level 2 spell: Jinxbite
 10926 | Lair:3   | Learned a level 5 spell: Metabolic Englaciation
 11106 | Lair:3   | Found a staircase to the Snake Pit.
 11250 | Lair:3   | Found a staircase to the Shoals.
 11706 | Lair:4   | Noticed an eight-headed hydra
 11714 | Lair:4   | Killed an eight-headed hydra
 11719 | Lair:4   | Reached skill level 1 in Conjurations
 11720 | Lair:4   | Reached skill level 13 in Stealth
 11927 | Lair:4   | Reached XP level 13. HP: 69/69 MP: 26/29
 11959 | Lair:4   | Reached skill level 5 in Ice Magic
 12385 | Lair:4   | Reached ***** piety under Wu Jian
 12866 | Lair:5   | Entered Level 5 of the Lair of Beasts
 12882 | Lair:5   | Found a staircase to the Slime Pits.
 12996 | Lair:5   | Noticed KittyFluff's ghost (journeyman TrSh)
 13023 | Lair:5   | Found a runed translucent gate.
 13023 | Lair:5   | Found a runed translucent gate.
 13023 | Lair:5   | Found a runed translucent gate.
 13257 | Lair:5   | Reached skill level 5 in Short Blades
 13262 | Lair:5   | Reached skill level 14 in Stealth
 13704 | Orc:1    | Entered Level 1 of the Orcish Mines
 14053 | Orc:2    | Entered Level 2 of the Orcish Mines
 14075 | Orc:2    | Found a staircase to the Elven Halls.
 14234 | Orc:2    | Noticed an orc warlord
 14244 | Orc:2    | Reached skill level 10 in Fighting
 14244 | Orc:2    | Reached XP level 14. HP: 44/77 MP: 8/30
 14244 | Orc:2    | Killed an orc warlord
 14407 | Orc:2    | Found Vitwen's General Store.
 14465 | Orc:2    | Found Besemoysk's Jewellery Emporium.
 14501 | Orc:2    | Bought the +8 arc blade {discharge, rElec} for 900 gold
                  | pieces
 14501 | Orc:2    | Found the +8 arc blade {discharge, rElec}
 14501 | Orc:2    | Bought a scroll of identify for 30 gold pieces
 14537 | Orc:2    | Found Yfehoasa's Antique Armour Emporium.
 14544 | Orc:2    | Bought a pair of runed gloves for 195 gold pieces
 14612 | Orc:2    | Reached ****** piety under Wu Jian
 14612 | Orc:2    | Paralysed by an orc sorcerer for 3 turns
 14622 | Orc:2    | Paralysed by an orc sorcerer for 4 turns
 14625 | Orc:2    | Killed from afar by an orc sorcerer

Illustrated notes

Levels and vault maps discovered:
D:1:      matt_arrival_diagonals, layout_basic, basic_ecumenical_altar,
          minmay_tiny_reverse_x
D:2:      layout_basic, uniq_sigmund, uniq_jessica
D:3:      layout_loops_cross, mainiacjoe_overflow_two_lobes, minmay_between,
          uniq_robin
D:4:      layout_loops_ring, nicolae_uskayaw_suspiria, serial_bayou,
          serial_bayou_shore_a, serial_bayou_lagoon_a, serial_bayou_pond_b,
          serial_bayou_pond_d, minmay_misc_feat_rugged
D:5:      dreamdust_elfheim, layout_gridville, lemuel_tele_altar,
          okawaru_trees_1, minmay_temple_entry_ruins, minmay_fractal_squares_5
D:6:      layout_gridville, lemuel_doored_altar, nicolae_ossuary_entry_ruins,
          uniq_edmund, uniq_eustachio
D:7:      layout_rooms, slow_altar_2, serial_shops, shop,
          uniq_crazy_yiuf_cottage
D:8:      layout_gridville, nicolae_ru_path_of_blood, enter_bailey_5
D:9:      layout_loops_cross, fedhas_altar_fruit_tree,
          erik_lair_orcish_takeover, orc_0_dummy, uniq_maurice
Temple:   eino_temple_lava
Lair:1:   layout_regular_city, grunt_megastairs_3, lemuel_fruit_tree
Lair:2:   layout_cave_shapes, grunt_forest_stairs_basic, uniq_nergalle
Lair:3:   layout_gridlike, elwin_shoals_entry_stream,
          guppyfry_snake_entry_island, infiniplex_staircase_pool,
          lemuel_fruit_fields
Lair:4:   beargit_carnivore_pack, layout_regular_city, grunt_megastairs_5
Lair:5:   wormcave, layout_loops_ring, slime_entry_1, gammafunk_ghost_icy,
          pdpol_lair_neglected_garden, minivault_19, grunt_megastairs_2
Orc:1:    layout_diamond_mine
Orc:2:    grunt_orc_cross, layout_diamond_mine, basic_altar

Skill      XL: |  1  2  3  4  5  6  7  8  9 10 11 12 13 14 |
---------------+-------------------------------------------+-----
Stealth        | 4 5 6 7 8 9 11 13 14 | 14.8
Short Blades   | 1 2 3 4 5 |  5.3
Spellcasting   | 3 4 5 8 9 10 11 12 | 12.0
Hexes          | 4 5 6 8 9 10 11 12 | 12.5
Ice Magic      | 1 2 3 4 6 |  6.5
Armour         | 1 2 3 4 |  4.2
Fighting       | 1 3 6 8 10 | 10.4
Dodging        | 2 3 |  3.5
Conjurations   | 1 |  1.2
Evocations     | |  0.3

Action                     |  1- 3 |  4- 6 |  7- 9 | 10-12 | 13-15 || total
---------------------------+-------+-------+-------+-------+-------++-------
  Melee: Dagger            |    95 |    37 |    10 |   252 |   202 ||   596
         Bite              |    23 |    15 |    66 |    55 |    46 ||   205
         Rapier            |       |    49 |    82 |       |     5 ||   136
         Punch             |       |     1 |     2 |       |       ||     3
         Short sword       |       |       |   113 |    22 |       ||   135
   Fire: Hand cannon       |       |       |       |       |     4 ||     4
  Throw: Dart              |       |       |     1 |     1 |       ||     2
   Cast: Ensorcelled Hiber |    11 |    46 |    43 |    74 |    67 ||   241
         Tukima's Dance    |       |     3 |    19 |    13 |    12 ||    47
         Confusing Touch   |       |       |    13 |    10 |       ||    23
         Dazzling Flash    |       |       |     2 |     9 |     8 ||    19
         Jinxbite          |       |       |       |     1 |     6 ||     7
         Metabolic Englaci |       |       |       |     1 |     3 ||     4
Ability: Lunge             |       |       |    35 |    58 |    35 ||   128
         Whirlwind         |       |       |    23 |    45 |    35 ||   103
         Wall Jump         |       |       |       |     6 |     3 ||     9
  Evoke: Wand              |       |       |       |       |     2 ||     2
    Use: Scroll            |     3 |     1 |    14 |     7 |     1 ||    26
         Potion            |       |       |     1 |       |       ||     1
   Stab: Sleeping          |    10 |    26 |    32 |    80 |    57 ||   205
         Distracted        |       |     2 |     2 |     1 |     3 ||     8
         Confused          |       |       |     3 |     5 |       ||     8
         Invisible         |       |       |     2 |     4 |     5 ||    11
 Armour: Robe              |    16 |       |       |       |       ||    16
         Leather armour    |    44 |    46 |   112 |    12 |       ||   214
         Ring mail         |       |       |       |   109 |   104 ||   213
  Dodge: Dodged            |    70 |    45 |   104 |   123 |    83 ||   425
